[Event "German Bundesliga 2024-25"]
[Site "Germany"]
[Date "2024.10.06"]
[Round "2.16"]
[White "Kocharin, Timur"]
[Black "Wisnet, Dominic"]
[Result "1/2-1/2"]
[Annotator "RC"]
[ECO "A39"]
[WhiteElo "2234"]
[BlackElo "2284"]
[PlyCount "57"]
[EventDate "2024.09.27"]
[EventType "team-tourn"]
[EventCountry "GER"]
[SourceTitle "playchess.com"]
[Source "ChessBase"]
[SourceQuality "1"]
[WhiteTeam "Baden-Baden"]
[BlackTeam "Deggendorf"]
[TimeControl "40/5400+30:1800+30"]

1. c4 Nf6 2. Nc3 c5 3. g3 g6 4. Bg2 Bg7 5. Nf3 Nc6 6. d4 cxd4 7. Nxd4 O-O 8. O-O Nxd4 9. Qxd4 d6 10. Qd3 Rb8 11. Rd1 Qa5 12. h3 Be6 13. Bd2 Rfc8 14. Nd5 Qd8 15. Rac1 Nxd5 16. cxd5 Bd7 17. b3 a6 18. a4 Rxc1 19. Rxc1 Rc8 20. Rc2 Rxc2 21. Qxc2 Qc8 22. Qxc8+ Bxc8 23. Kf1 h5 24. e4 Bd4 25. Ke2 Kf8 26. h4 Bd7 27. Be3 Bc3 28. Kd3 Be1 29. Bb6 1/2-1/2